[Event "Titled Tuesday Blitz February 21 Late 2023"]
[White "Rustemov, Alexander"]
[Black "sissahungrychess"]
[WhiteFideId "4119002"]
[WhiteElo "2525"]
[BlackElo "2453"]
[Result "1/2-1/2"]
[Round "01"]
[TimeControl "180+2"]
[Date "2023.02.21"]
[WhiteClock "0:00:10"]
[BlackClock "0:00:03"]

1. d4 Nf6 2. c4 e6 3. Nf3 d5 4. Bg5 Be7 5. e3 O-O 6. Nc3 a6 7. Rc1 Nbd7 8. c5 Ne4 9. Bxe7 Qxe7 10. Qc2 Nxc3 11. Qxc3 c6 12. Bd3 Re8 13. Ne5 f6 14. Nxd7 Bxd7 15. O-O e5 16. dxe5 Qxe5 17. Qd4 Qg5 18. Rfe1 Re7 19. b4 Rae8 20. a4 Bf5 21. b5 Bh3 22. g3 axb5 23. axb5 cxb5 24. Bxb5 Re4 25. Bxe8 Rxd4 26. exd4 Qg4 27. Re3 Qxd4 28. Bh5 g6 29. Bf3 Qb2 30. Bxd5+ Kg7 31. Rce1 Qd4 32. Re7+ Kh6 33. Bxb7 Qxc5 34. Bg2 Bxg2 35. Kxg2 Qd5+ 36. Kg1 Qd4 37. R7e6 f5 38. Re7 Qc3 39. R7e3 Qb4 40. Rd1 Kg5 41. Rf3 Qc4 42. Rf4 Qc2 43. h4+ Kh5 44. Rd7 h6 45. Rdd4 g5 46. hxg5 hxg5 47. Rf3 Qc1+ 48. Kh2 Qc2 49. Kg1 Qb1+ 50. Kh2 Qc2 51. Rdd3 f4 52. gxf4 g4 53. Kg3 gxf3 54. Rxf3 Kg6 55. Re3 Qd1 56. Re5 Qg1+ 57. Kf3 Qh1+ 58. Kg3 Qg1+ 59. Kf3 Qh2 60. Ke2 Kf6 61. Re3 Qh5+ 62. Kf1 Qb5+ 63. Kg2 Qc6+ 64. Kg3 Qd5 65. Kh2 Qd4 66. Kg1 Qxf4 67. Kg2 Qg4+ 68. Rg3 Qd1 69. Rf3+ Ke5 70. Rg3 Kf4 71. Re3 Qg4+ 72. Kf1 Qh4 73. Kg2 Qh5 74. Kg1 Qg4+ 75. Kf1 Qh5 76. Kg2 Qh4 77. Kg1 Qg4+ 78. Kf1 1/2-1/2


[Site "https://www.chess.com"]

[Event "Titled Tuesday Blitz February 21 Late 2023"]
[White "Ozdemir, Serhan Berat"]
[Black "Kobo, Ori"]
[WhiteFideId "6374611"]
[BlackFideId "2812320"]
[WhiteElo "2223"]
[BlackElo "2559"]
[Result "0-1"]
[Round "01"]
[TimeControl "180+2"]
[Date "2023.02.21"]
[WhiteClock "0:00:01"]
[BlackClock "0:00:05"]

1. e4 c5 2. Nf3 g6 3. d4 cxd4 4. Qxd4 Nf6 5. e5 Nc6 6. Qa4 Nd5 7. Qe4 Nb6 8. Nc3 Bg7 9. Bf4 d5 10. exd6 Bf5 11. Qe3 O-O 12. O-O-O exd6 13. Rxd6 Qc8 14. Bh6 Re8 15. Qd2 Bh8 16. Bb5 a6 17. Be2 Qc7 18. Bf4 Qe7 19. Be3 Rad8 20. Rd1 Bxc3 21. bxc3 Nc8 22. Rxd8 Rxd8 23. Nd4 Qa3+ 24. Kb1 Be6 25. c4 Nb4 26. c3 Rxd4 27. Bxd4 Bf5+ 28. Ka1 Nc2+ 29. Kb1 Nb4+ 30. Bd3 Bxd3+ 31. Ka1 Nc2+ 32. Kb1 Nb4+ 33. Ka1 Nc2+ 34. Kb1 Nxd4+ 35. Ka1 Nc2+ 36. Kb1 Bf5 37. g4 Be4 38. f3 Bxf3 39. Qd8+ Kg7 40. Rd2 Qxc3 0-1


[Site "https://www.chess.com"]

[Event "Titled Tuesday Blitz February 21 Late 2023"]
[White "Samsonkin, Artiom"]
[Black "Tymrakiewicz, Rafal"]
[WhiteFideId "13503111"]
[BlackFideId "1108832"]
[WhiteElo "2420"]
[BlackElo "2144"]
[Result "1-0"]
[Round "01"]
[TimeControl "180+2"]
[Date "2023.02.21"]
[WhiteClock "0:00:14"]
[BlackClock "0:00:02"]

1. e4 Nf6 2. Nc3 d5 3. e5 Ne4 4. Nce2 f6 5. d3 Ng5 6. f4 Nf7 7. d4 c5 8. c3 Nc6 9. h3 cxd4 10. cxd4 Bf5 11. Nf3 e6 12. a3 Qb6 13. Nc3 fxe5 14. fxe5 Be7 15. Bd3 Bxd3 16. Qxd3 O-O 17. Ne2 Na5 18. O-O Qa6 19. Qe3 Ng5 20. Nf4 Nc4 21. Qe1 Ne4 22. b3 Na5 23. Rb1 Rac8 24. Be3 b6 25. Nxe6 Rfe8 26. Nf4 Bxa3 27. Nxd5 Qb7 28. Nf4 Nc3 29. Qg3 Qe4 30. Rbe1 Qc2 31. Nh5 Rc7 32. Kh1 Nxb3 33. Nf6+ Kf8 34. Nxe8 Kxe8 35. Qh4 Ne4 36. Ng5 Be7 37. Qxh7 Ng3+ 38. Kg1 Ne2+ 39. Rxe2 Qxe2 40. Qg8+ Kd7 41. Qxb3 1-0


[Site "https://www.chess.com"]

[Event "Titled Tuesday Blitz February 21 Late 2023"]
[White "Jovic, Stanoje"]
[Black "Pichot, Alan"]
[WhiteFideId "905020"]
[BlackFideId "110973"]
[WhiteElo "2075"]
[BlackElo "2638"]
[Result "0-1"]
[Round "01"]
[TimeControl "180+2"]
[Date "2023.02.21"]
[WhiteClock "0:00:03"]
[BlackClock "0:01:23"]

1. c4 g6 2. g3 Bg7 3. Bg2 Nf6 4. Nc3 O-O 5. Nf3 d6 6. O-O Nc6 7. d3 Rb8 8. Rb1 a5 9. a3 e5 10. b4 axb4 11. axb4 h6 12. b5 Ne7 13. e4 Be6 14. h3 Qd7 15. Kh2 c6 16. Be3 Nh5 17. Qd2 Kh7 18. Na4 f5 19. Nb6 Qd8 20. Qa5 f4 21. Bd2 g5 22. g4 Nf6 23. Rfe1 Qe8 24. d4 Nxg4+ 25. hxg4 Bxg4 26. dxe5 Qh5+ 27. Kg1 Bxf3 28. Bxf3 Qxf3 29. Bc3 Qg4+ 30. Kf1 f3 31. Red1 Qg2+ 32. Ke1 Qg1+ 33. Kd2 Qxf2+ 34. Kc1 Ng6 35. Rb2 Qe3+ 36. Bd2 Qxe4 37. Re1 Qd4 38. Bc3 f2 39. Rf1 Qe3+ 40. Kb1 Bxe5 0-1


[Site "https://www.chess.com"]

[Event "Titled Tuesday Blitz February 21 Late 2023"]
[White "Mekhitarian, Krikor Sevag"]
[Black "Dzida, Kamil"]
[WhiteFideId "2107660"]
[BlackFideId "21828652"]
[WhiteElo "2537"]
[BlackElo "2352"]
[Result "1-0"]
[Round "01"]
[TimeControl "180+2"]
[Date "2023.02.21"]
[WhiteClock "0:00:19"]
[BlackClock "0:00:10"]

1. e4 c5 2. Nf3 Nc6 3. g3 g6 4. Bg2 Bg7 5. O-O Nf6 6. Re1 O-O 7. c3 e5 8. a3 d6 9. b4 b6 10. d3 h6 11. Nbd2 Be6 12. Nc4 Qc7 13. Bb2 b5 14. Ne3 a5 15. bxc5 dxc5 16. c4 b4 17. Nd5 Qd6 18. Qa4 Bd7 19. Qc2 Rab8 20. h3 Ne8 21. axb4 axb4 22. Ra6 Nc7 23. Raa1 Ne6 24. Ra6 Nc7 25. Raa1 Ne6 26. Qd1 Ra8 27. h4 h5 28. Bh3 Rfb8 29. Kh1 Ned4 30. Bxd7 Qxd7 31. Nxd4 exd4 32. Kg2 Qb7 33. Qb3 Rxa1 34. Rxa1 Ra8 35. Ra2 Ne5 36. Rxa8+ Qxa8 37. Bc1 Qa6 38. Bf4 Qe6 39. Bxe5 Bxe5 40. Qa4 Qg4 41. Qe8+ Kh7 42. Qxe5 1-0


[Site "https://www.chess.com"]

[Event "Titled Tuesday Blitz February 21 Late 2023"]
[White "Miszler, Levente"]
[Black "Vasquez Schroeder, Rodrigo"]
[WhiteFideId "763276"]
[BlackFideId "3400042"]
[WhiteElo "2271"]
[BlackElo "2524"]
[Result "0-1"]
[Round "01"]
[TimeControl "180+2"]
[Date "2023.02.21"]
[WhiteClock "0:01:11"]
[BlackClock "0:01:44"]

1. Nf3 d5 2. c4 d4 3. e3 Nc6 4. exd4 Nxd4 5. Nxd4 Qxd4 6. Nc3 c6 7. d3 Nh6 8. Be3 Qd8 9. d4 Nf5 10. Qd2 g6 11. O-O-O Bg7 12. Be2 O-O 13. g4 Nxe3 14. fxe3 b5 15. c5 e5 16. h4 exd4 17. exd4 Be6 18. h5 b4 19. Ne4 Bd5 20. Bf3 Re8 21. Rhe1 Qa5 22. b3 Rad8 23. Ng5 Bh6 24. Bxd5 cxd5 25. Qf4 Rf8 26. Rd2 f6 27. Re7 Bxg5 28. Qh2 Bxd2+ 29. Qxd2 Rde8 30. Rd7 Qb5 31. Rxa7 Qf1+ 0-1


[Site "https://www.chess.com"]

[Event "Titled Tuesday Blitz February 21 Late 2023"]
[White "Bikuzhin, Maksim"]
[Black "Figorito, Nick"]
[WhiteFideId "24128015"]
[BlackFideId "30923689"]
[WhiteElo "2279"]
[BlackElo "2036"]
[Result "1-0"]
[Round "01"]
[TimeControl "180+2"]
[Date "2023.02.21"]
[WhiteClock "0:00:37"]
[BlackClock "0:00:23"]

1. e4 e6 2. d3 d5 3. Nd2 Nc6 4. Ngf3 Nf6 5. c3 e5 6. b4 d4 7. Bb2 dxc3 8. Bxc3 Bxb4 9. Bxb4 Nxb4 10. Qa4+ Nc6 11. Nxe5 Bd7 12. Nxc6 Bxc6 13. Qc2 O-O 14. Be2 Qd7 15. O-O Rad8 16. Nf3 Rfe8 17. Rac1 Ng4 18. Qc5 Qd6 19. Qxa7 Ra8 20. Qc5 Qxc5 21. Rxc5 Rxa2 22. Re1 Rea8 23. h3 Nf6 24. Ne5 Rd2 25. Nxc6 bxc6 26. Rxc6 Raa2 27. Kf1 Ne8 28. f4 g6 29. Rc3 Kg7 30. Kf2 h5 31. Ke3 h4 32. Bf3 Rdc2 33. Rxc2 Rxc2 34. Rb1 Nd6 35. Rb8 c5 36. Rb6 Nc8 37. Rb7 Nd6 38. Rd7 Nb5 39. e5 Kf8 40. f5 g5 41. f6 Ke8 42. Bc6 Re2+ 43. Kxe2 Nd4+ 44. Rxd4+ 1-0


[Site "https://www.chess.com"]

[Event "Titled Tuesday Blitz February 21 Late 2023"]
[White "Kalajzic, Ivan"]
[Black "Urazayev, Arystanbek"]
[WhiteFideId "14506378"]
[BlackFideId "13709810"]
[WhiteElo "2062"]
[BlackElo "2460"]
[Result "0-1"]
[Round "01"]
[TimeControl "180+2"]
[Date "2023.02.21"]
[WhiteClock "0:00:10"]
[BlackClock "0:00:59"]

1. b3 d5 2. Bb2 Nf6 3. e3 e6 4. Nf3 Be7 5. d4 O-O 6. Bd3 b6 7. Nbd2 Bb7 8. O-O c5 9. Ne5 Nc6 10. f4 Rc8 11. a3 Nxe5 12. dxe5 Ne4 13. Nxe4 dxe4 14. Bc4 Qxd1 15. Raxd1 Rfd8 16. Kf2 Bc6 17. a4 g6 18. Ke2 h5 19. Ba6 Rb8 20. Bc3 Bd5 21. Be1 Kf8 22. Bf2 Bc6 23. h3 h4 24. Rxd8+ Rxd8 25. Rd1 Rb8 26. Bb5 Bxb5+ 27. axb5 Ke8 28. Ra1 Rb7 29. c4 Kf8 30. Ra4 Kg7 31. Be1 g5 32. b4 Kg6 33. bxc5 Bxc5 34. Bc3 gxf4 35. exf4 Kf5 36. Bd2 Rc7 37. Be3 Bf8 38. Bc1 Bh6 39. Be3 Bxf4 40. Rxa7 Rxa7 41. Bxb6 Ra2+ 42. Kd1 e3 0-1


[Site "https://www.chess.com"]

[Event "Titled Tuesday Blitz February 21 Late 2023"]
[White "Krzyzanowski, Marcin"]
[Black "Gatterer, Florian"]
[WhiteFideId "1132199"]
[BlackFideId "811688"]
[WhiteElo "2512"]
[BlackElo "2170"]
[Result "1-0"]
[Round "01"]
[TimeControl "180+2"]
[Date "2023.02.21"]
[WhiteClock "0:00:40"]
[BlackClock "0:00:10"]

1. Nf3 d5 2. g3 Nf6 3. Bg2 c5 4. O-O Nc6 5. d4 e6 6. c4 dxc4 7. Qa4 Bd7 8. Qxc4 b5 9. Qd3 c4 10. Qd2 Rc8 11. Nc3 b4 12. Nd1 Be7 13. Ne3 Na5 14. Ne5 O-O 15. d5 c3 16. Qd3 Bc5 17. bxc3 bxc3 18. Qxc3 Nxd5 19. Bxd5 Bxe3 20. Qxe3 exd5 21. Qd4 Be6 22. Bb2 Qf6 23. Qxa7 Ra8 24. Qe3 Rab8 25. Bd4 Bh3 26. Nd7 Qg6 27. Nxf8 Rxf8 28. Rfb1 Nc4 29. Qf4 Qc2 30. Rb8 Bc8 31. Qg5 f6 32. Qxd5+ Kh8 33. Qf7 Rg8 34. Bxf6 Qg6 35. Qxg6 hxg6 36. Rc1 gxf6 37. Rxc4 Be6 38. Rxg8+ Kxg8 39. Rc6 Kf7 40. Rxe6 Kxe6 41. h4 Kd5 42. g4 Kc4 43. h5 gxh5 44. gxh5 Kd5 45. h6 Ke6 46. h7 Kf5 47. h8=Q Kg5 48. a4 Kf4 49. a5 Ke4 50. a6 Kf4 51. a7 Kg4 52. a8=Q Kf4 53. Qf3+ Ke5 54. Qhxf6# 1-0


[Site "https://www.chess.com"]

[Event "Titled Tuesday Blitz February 21 Late 2023"]
[White "Semenenko, Dmytry"]
[Black "Yuan, Qingyu"]
[WhiteFideId "14118645"]
[BlackFideId "8609772"]
[WhiteElo "2113"]
[BlackElo "2373"]
[Result "0-1"]
[Round "01"]
[TimeControl "180+2"]
[Date "2023.02.21"]
[WhiteClock "0:00:19"]
[BlackClock "0:00:34"]

1. Nf3 d5 2. c4 e6 3. d4 Nf6 4. Nc3 Be7 5. Bg5 h6 6. Bh4 O-O 7. e3 Nbd7 8. Bd3 dxc4 9. Bxc4 a6 10. O-O b5 11. Bd3 Bb7 12. Qe2 c5 13. Rfd1 Qb6 14. Ne5 Rad8 15. Nxd7 Rxd7 16. dxc5 Qc6 17. f3 Bxc5 18. Bxf6 gxf6 19. Ne4 Be7 20. Rac1 Qb6 21. f4 f5 22. Ng3 Rfd8 23. Kf2 Bf6 24. Bb1 Rxd1 25. Rxd1 Rxd1 26. Qxd1 Bxb2 27. Qh5 Qc6 28. Qe2 Qxg2+ 29. Ke1 Bc3+ 30. Kd1 Bf3 0-1


[Site "https://www.chess.com"]

[Event "Titled Tuesday Blitz February 21 Late 2023"]
[White "Pakleza, Zbigniew"]
[Black "Meunier-Pion, Jean"]
[WhiteFideId "1119290"]
[BlackFideId "20685327"]
[WhiteElo "2494"]
[BlackElo "2215"]
[Result "1-0"]
[Round "01"]
[TimeControl "180+2"]
[Date "2023.02.21"]
[WhiteClock "0:00:05"]
[BlackClock "0:00:10"]

1. d4 d5 2. Bf4 c5 3. e3 cxd4 4. exd4 Nc6 5. c3 Nf6 6. Bd3 e6 7. Nd2 Bd6 8. Bg3 Bxg3 9. hxg3 Bd7 10. Ngf3 Rb8 11. Qe2 a6 12. Ne5 b5 13. a3 Qb6 14. g4 a5 15. g5 Ng8 16. Nxc6 Qxc6 17. Qe5 Rc8 18. Qxg7 b4 19. axb4 axb4 20. Qxh8 bxc3 21. bxc3 Qxc3 22. O-O Qxd2 23. Qxg8+ Ke7 24. Qxh7 Qxg5 25. Ra7 Rg8 26. g3 Rg7 27. Qh3 Kd6 28. Rfa1 Qd2 29. Qf1 Qf4 30. Qc1 Rxg3+ 31. Kf1 Qxd4 32. R1a6+ Ke5 33. Qe1+ Kf6 34. fxg3 Qxd3+ 35. Kg1 Bb5 36. Qf2+ Kg5 37. Ra3 Qd1+ 38. Kh2 Qg4 39. Qf4+ Qxf4 40. gxf4+ Kxf4 41. Rxf7+ Ke5 42. Ra5 Bc4 43. Kg3 Kd4 44. Re7 e5 45. Ra1 e4 46. Kf4 Kc3 47. Rh1 Kd2 48. Rh2+ Kc3 49. Ke3 Bd3 50. Rc7+ Bc4 51. Rd2 Kb4 52. Rd4 Kc3 53. Rxd5 Kb4 54. Rd4 Kb3 55. Rdxc4 Kb2 56. R4c6 Ka1 57. Rb6 Ka2 58. Ra7# 1-0


[Site "https://www.chess.com"]

[Event "Titled Tuesday Blitz February 21 Late 2023"]
[White "Fernandez Garcia, Gumersindo"]
[Black "Gorshtein, Ido"]
[WhiteFideId "24516740"]
[BlackFideId "2815532"]
[WhiteElo "2160"]
[BlackElo "2514"]
[Result "0-1"]
[Round "01"]
[TimeControl "180+2"]
[Date "2023.02.21"]
[WhiteClock "0:00:09"]
[BlackClock "0:00:31"]

1. e4 c6 2. c4 d5 3. cxd5 cxd5 4. exd5 Nf6 5. Nc3 g6 6. Nf3 Bg7 7. Bc4 O-O 8. O-O a6 9. a4 Nbd7 10. d4 Nb6 11. Qb3 Nxc4 12. Qxc4 e6 13. dxe6 Bxe6 14. Qb4 Nd5 15. Nxd5 Bxd5 16. Be3 Bxf3 17. gxf3 Qd5 18. Kg2 Rfd8 19. Rfd1 Rac8 20. Rac1 g5 21. h3 h5 22. Rxc8 Rxc8 23. Qe7 g4 24. hxg4 hxg4 25. Qe4 gxf3+ 26. Qxf3 Qb3 27. Qg4 Rc6 28. Kf1 Qd5 29. Qg2 Qc4+ 30. Ke1 Rg6 31. Qe4 Bf8 32. f4 Re6 33. Qg2+ Bg7 34. Kf2 Qb3 35. Qg3 Qxd1 36. f5 Qc2+ 37. Ke1 Qxf5 0-1


[Site "https://www.chess.com"]

[Event "Titled Tuesday Blitz February 21 Late 2023"]
[White "Yanchenko, Roman"]
[Black "Hoffmann, Asa"]
[WhiteFideId "4137329"]
[BlackFideId "2001470"]
[WhiteElo "2466"]
[BlackElo "2185"]
[Result "1-0"]
[Round "01"]
[TimeControl "180+2"]
[Date "2023.02.21"]
[WhiteClock "0:01:10"]
[BlackClock "0:00:34"]

1. d4 Nf6 2. c4 c5 3. e3 g6 4. Nf3 Bg7 5. Nc3 O-O 6. Be2 cxd4 7. exd4 d5 8. c5 Nc6 9. O-O b6 10. cxb6 axb6 11. h3 Bf5 12. a3 e6 13. Bf4 Ne4 14. Nb5 Rc8 15. Rc1 Qd7 16. g4 e5 17. Nxe5 Nxe5 18. Rxc8 Rxc8 19. dxe5 Be6 20. Nd4 Qc7 21. Nxe6 fxe6 22. Qd4 Bf8 23. b4 Qc3 24. Qxc3 Rxc3 25. Rc1 Rxc1+ 26. Bxc1 d4 27. Bd3 Nc3 28. f4 Bg7 29. Kf2 g5 30. Kf3 gxf4 31. Bxf4 Kf7 32. Bxh7 Nb5 33. a4 Nc3 34. a5 bxa5 35. bxa5 Bf8 36. a6 Bc5 37. h4 Nd5 38. h5 Nb4 39. Bg6+ Kg7 40. Bg5 Nxa6 41. Bf6+ Kg8 42. h6 1-0


[Site "https://www.chess.com"]

[Event "Titled Tuesday Blitz February 21 Late 2023"]
[White "Backsten, Jan"]
[Black "Tatarinov, Dmitry"]
[WhiteFideId "1735381"]
[BlackFideId "24160067"]
[WhiteElo "2029"]
[BlackElo "2310"]
[Result "0-1"]
[Round "01"]
[TimeControl "180+2"]
[Date "2023.02.21"]
[WhiteClock "0:00:20"]
[BlackClock "0:00:28"]

1. e4 e5 2. Nf3 Nc6 3. Bc4 Nf6 4. O-O Nxe4 5. Nc3 Nxc3 6. dxc3 Be7 7. Re1 d6 8. h3 O-O 9. a4 Be6 10. Qe2 Bxc4 11. Qxc4 d5 12. Qb5 a6 13. Qe2 e4 14. Nd4 Nxd4 15. cxd4 Bd6 16. c4 c6 17. Bd2 f5 18. Rac1 f4 19. cxd5 cxd5 20. Qh5 g5 21. h4 Rf5 22. Qg4 Qf6 23. h5 Rf8 24. Rc2 h6 25. Bc3 Qe6 26. a5 R5f6 27. Qxe6+ Rxe6 28. Bd2 Kf7 29. Rec1 Rd8 30. Kf1 Kf6 31. Ke2 Kf5 32. Rc3 g4 33. g3 e3 34. fxe3 fxg3 35. Kf1 Ke4 36. Kg2 Rf8 37. Be1 Rf3 38. R1c2 Ref6 39. Re2 R6f5 40. Rc8 Rxh5 41. Re8+ Kd3 42. Rd2+ Kc4 43. Rc8+ Kb5 44. Rg8 Rh2+ 45. Kg1 Rxd2 46. Bxd2 h5 47. Rg5 Kc4 48. Rxh5 Rf2 49. Be1 Re2 50. Bc3 Rxe3 51. Rg5 Bf4 52. Rxg4 Rf3 53. Kg2 Rf2+ 54. Kg1 Be3 55. Rxg3 Rf3+ 56. Kg2 Rxg3+ 57. Kxg3 Bxd4 58. Bd2 Bxb2 0-1


[Site "https://www.chess.com"]

[Event "Titled Tuesday Blitz February 21 Late 2023"]
[White "Holt, Conrad"]
[Black "Davidson, Kevin"]
[WhiteFideId "2034387"]
[BlackFideId "2056810"]
[WhiteElo "2540"]
[BlackElo "2154"]
[Result "1-0"]
[Round "01"]
[TimeControl "180+2"]
[Date "2023.02.21"]
[WhiteClock "0:01:10"]
[BlackClock "0:00:07"]

1. d4 Nf6 2. c4 g6 3. Nc3 Bg7 4. e4 d6 5. Nf3 O-O 6. h3 Na6 7. Bg5 Qe8 8. Bd3 e5 9. O-O exd4 10. Nxd4 Nc5 11. Re1 Nxd3 12. Qxd3 Be6 13. Rad1 Nd7 14. Nd5 Nc5 15. Qc2 Bxd5 16. exd5 Qa4 17. b3 Qa5 18. Bd2 Qb6 19. Nf3 Rfe8 20. b4 Nd7 21. Qa4 Nf6 22. Be3 Qa6 23. Qxa6 bxa6 24. Nd4 Ne4 25. Nc6 Nc3 26. Rd2 a5 27. Nxa5 Ne4 28. Rc2 Bc3 29. Rb1 Be5 30. Nc6 a6 31. a4 f5 32. a5 Nc3 33. Rb3 Ne4 34. f3 Nf6 35. f4 Ba1 36. Ra2 1-0


[Site "https://www.chess.com"]

[Event "Titled Tuesday Blitz February 21 Late 2023"]
[White "Rosenberg, Evan S"]
[Black "Quispe Arteaga, Gabriel"]
[WhiteFideId "2019299"]
[BlackFideId "32059809"]
[WhiteElo "1956"]
[BlackElo "2381"]
[Result "0-1"]
[Round "01"]
[TimeControl "180+2"]
[Date "2023.02.21"]
[WhiteClock "0:00:31"]
[BlackClock "0:00:19"]

1. d4 Nf6 2. Nf3 e6 3. g3 b5 4. Bg2 Bb7 5. O-O c5 6. Na3 a6 7. c4 b4 8. Nc2 d6 9. dxc5 dxc5 10. Qxd8+ Kxd8 11. Ne5 Bxg2 12. Kxg2 Ke8 13. Rd1 Nbd7 14. Bf4 Nxe5 15. Bxe5 Nd7 16. Bd6 Bxd6 17. Rxd6 Ke7 18. Rad1 Rhd8 19. Ne3 Ne5 20. Rxd8 Rxd8 21. Rxd8 Kxd8 22. b3 a5 23. f4 Nc6 24. Nc2 Kc7 25. Kf3 Kb6 26. e3 a4 27. Ke2 axb3 28. axb3 Na5 29. Na1 Kc6 30. Kd3 Kd6 31. Kc2 e5 32. Kb2 e4 33. Nc2 h5 34. Ne1 Ke6 35. Ng2 f6 36. Kc2 Nc6 37. h3 g5 38. g4 hxg4 39. hxg4 Nd8 40. f5+ Ke5 41. Kd2 Nf7 42. Ke2 Nh6 43. Kf2 Nxg4+ 44. Kg3 Nh6 45. Ne1 Nxf5+ 46. Kf2 Nxe3 47. Nc2 Nxc2 0-1


[Site "https://www.chess.com"]

[Event "Titled Tuesday Blitz February 21 Late 2023"]
[White "Maksimovic, Bojan"]
[Black "Matko, Ognjen"]
[WhiteFideId "14408120"]
[BlackFideId "14509717"]
[WhiteElo "2486"]
[BlackElo "2295"]
[Result "0-1"]
[Round "01"]
[TimeControl "180+2"]
[Date "2023.02.21"]
[WhiteClock "0:00:02"]
[BlackClock "0:00:25"]

1. e4 e5 2. Nf3 Nc6 3. Bb5 a6 4. Ba4 Nf6 5. O-O b5 6. Bb3 Bc5 7. c3 d6 8. d4 Ba7 9. Be3 O-O 10. Nbd2 Bg4 11. h3 Bh5 12. Qb1 Re8 13. Re1 Qd7 14. d5 Na5 15. Bg5 Bg6 16. Bxf6 gxf6 17. Bc2 c6 18. b4 Nb7 19. Nh4 Kh8 20. a4 Rg8 21. Kf1 c5 22. a5 cxb4 23. cxb4 Rac8 24. Ra3 Bd4 25. Nf5 Bxf5 26. exf5 Rc7 27. Ne4 Qxf5 28. Rf3 Qg6 29. Rg3 Qh6 30. Rxg8+ Kxg8 31. Bd3 Qf4 32. Qa2 f5 33. Ng3 Rc3 34. Qe2 Rxd3 35. Nh5 Qg5 36. f4 Qg6 37. Qxd3 Qxh5 38. Rc1 Qh4 39. Qd2 Qg3 40. Rc7 Nc5 41. bxc5 Bxc5 42. Rxc5 dxc5 43. d6 Qh4 44. d7 Qd8 45. fxe5 c4 46. Qd6 c3 47. Qc6 c2 48. e6 fxe6 49. Qxe6+ Kg7 50. Qe5+ Kh6 51. Qe6+ Kg5 52. Qe3+ Kf6 53. Qb6+ Qxb6 54. axb6 c1=Q+ 55. Ke2 Qc4+ 56. Ke3 Qc5+ 57. Kf3 Qxb6 0-1


[Site "https://www.chess.com"]

[Event "Titled Tuesday Blitz February 21 Late 2023"]
[White "Jian, Alex"]
[Black "Bryakin, Mikhail"]
[WhiteFideId "30901022"]
[BlackFideId "4165314"]
[WhiteElo "2031"]
[BlackElo "2455"]
[Result "0-1"]
[Round "01"]
[TimeControl "180+2"]
[Date "2023.02.21"]
[WhiteClock "0:00:01"]
[BlackClock "0:01:03"]

1. d4 Nf6 2. c4 c5 3. d5 d6 4. Nc3 g6 5. Nf3 Bg7 6. Bf4 O-O 7. h3 Qa5 8. Bd2 a6 9. e4 b5 10. cxb5 axb5 11. Nxb5 Qb6 12. Qc2 Ba6 13. a4 Bxb5 14. Bxb5 Na6 15. O-O Nc7 16. Bc6 Ra7 17. a5 Qb8 18. Rfb1 Na6 19. Qc4 Nb4 20. Bxb4 Qxb4 21. Qxb4 cxb4 22. Nd4 Rb8 23. Nb5 Ra6 24. f3 Nh5 25. Kf1 Nf4 26. Ra4 Nd3 27. Ke2 Nc5 28. Raa1 Nb3 0-1


[Site "https://www.chess.com"]

[Event "Titled Tuesday Blitz February 21 Late 2023"]
[White "Christiansen, Johan-Sebastian"]
[Black "Szyszylo, Rafal"]
[WhiteFideId "1512668"]
[BlackFideId "1109626"]
[WhiteElo "2579"]
[BlackElo "2091"]
[Result "1-0"]
[Round "01"]
[TimeControl "180+2"]
[Date "2023.02.21"]
[WhiteClock "0:01:27"]
[BlackClock "0:00:02"]

1. e4 g6 2. d4 d6 3. Nc3 Nf6 4. f4 Bg7 5. Nf3 O-O 6. e5 Nfd7 7. h4 c5 8. h5 cxd4 9. Qxd4 dxe5 10. Qf2 e4 11. Nxe4 Nf6 12. Nxf6+ exf6 13. hxg6 Re8+ 14. Be2 hxg6 15. Bd2 Qe7 16. Bc3 Bg4 17. O-O-O Nc6 18. Bc4 Qe3+ 19. Qxe3 Rxe3 20. Rh4 f5 21. Rdh1 Bxc3 22. bxc3 Bh5 23. Ng5 Rf8 24. Kb2 Kg7 25. Bd5 Na5 26. R4h3 Rxh3 27. Rxh3 Rd8 28. Bxf7 Kf6 29. Re3 Rd6 30. Bb3 Nxb3 31. axb3 1-0


[Site "https://www.chess.com"]

[Event "Titled Tuesday Blitz February 21 Late 2023"]
[White "Rian, Kapriaga"]
[Black "Milikow, Yoav"]
[WhiteFideId "7103263"]
[BlackFideId "2822237"]
[WhiteElo "2089"]
[BlackElo "2394"]
[Result "0-1"]
[Round "01"]
[TimeControl "180+2"]
[Date "2023.02.21"]
[WhiteClock "0:00:01"]
[BlackClock "0:00:34"]

1. d4 Nf6 2. Nf3 d5 3. Bf4 c5 4. e3 Nc6 5. Nbd2 cxd4 6. exd4 Qb6 7. Nb3 Bf5 8. Be2 e6 9. O-O Be7 10. a4 a5 11. Re1 O-O 12. Nh4 Be4 13. f3 Bxc2 14. Qxc2 Nxd4 15. Be3 Qxb3 16. Qxb3 Nxb3 17. Rad1 Bb4 18. Rf1 Bc5 19. Bxc5 Nxc5 20. g3 Nxa4 21. Rd2 Rfc8 22. Ng2 Ne8 23. f4 Nd6 24. Bf3 Nc4 25. Re2 Ncxb2 26. f5 Re8 27. Nf4 exf5 28. Bxd5 Rxe2 29. Nxe2 g6 30. g4 Rd8 31. Bb3 Nc5 32. Ba2 Rd1 33. gxf5 gxf5 34. Ng3 f4 35. Nh5 f3 36. Nf6+ Kg7 37. Nh5+ Kh6 38. Ng3 Ncd3 39. Rxd1 Nxd1 40. Kf1 Ne3+ 41. Kg1 f2+ 42. Kh1 f5 0-1


[Site "https://www.chess.com"]

[Event "Titled Tuesday Blitz February 21 Late 2023"]
[White "Stoyanov, Tsvetan"]
[Black "Zeman, Matyas"]
[WhiteFideId "2917173"]
[BlackFideId "364398"]
[WhiteElo "2454"]
[BlackElo "2296"]
[Result "1-0"]
[Round "01"]
[TimeControl "180+2"]
[Date "2023.02.21"]
[WhiteClock "0:00:17"]
[BlackClock "0:00:04"]

1. b3 Nf6 2. Bb2 e6 3. Nf3 Be7 4. e3 O-O 5. c4 d5 6. Nc3 c5 7. cxd5 exd5 8. d4 Nc6 9. Be2 Bg4 10. O-O Bxf3 11. Bxf3 cxd4 12. exd4 Qd7 13. Re1 Rfe8 14. a3 Bd6 15. Qd3 Rxe1+ 16. Rxe1 Re8 17. Rxe8+ Qxe8 18. Kf1 Ne7 19. g3 a6 20. b4 b5 21. Nd1 Qc6 22. Ne3 h5 23. h4 g6 24. Bc3 Nc8 25. Bd2 Nb6 26. Qe2 Qe8 27. Kg2 Qe6 28. Bc1 Bf8 29. Qc2 Nc4 30. Nxc4 bxc4 31. Bg5 Ne4 32. Bxe4 Qxe4+ 33. Qxe4 dxe4 34. Bd2 f5 35. a4 Kf7 36. b5 axb5 37. axb5 Ke6 38. b6 Kd5 39. b7 Bd6 40. Bf4 Kc6 41. Bxd6 Kxb7 42. Kf1 Kc6 43. Be5 Kd5 44. Ke2 c3 45. Kd1 Kc4 46. Kc2 1-0


[Site "https://www.chess.com"]

[Event "Titled Tuesday Blitz February 21 Late 2023"]
[White "Lerch, Philipp"]
[Black "Bilych, Olexiy"]
[WhiteFideId "4654129"]
[BlackFideId "14156504"]
[WhiteElo "2305"]
[BlackElo "2441"]
[Result "0-1"]
[Round "01"]
[TimeControl "180+2"]
[Date "2023.02.21"]
[WhiteClock "0:00:36"]
[BlackClock "0:01:54"]

1. Nf3 d5 2. e3 Nf6 3. c4 e6 4. Qc2 c5 5. cxd5 exd5 6. Bb5+ Nc6 7. b3 Be7 8. Bb2 O-O 9. O-O Nb4 10. Qd1 Bf5 11. a3 Nd3 12. Ra2 a6 13. Bxd3 Bxd3 14. Re1 h6 15. Ne5 Bh7 16. d4 b6 17. Nd2 Rc8 18. Ndf3 c4 19. bxc4 dxc4 20. Bc3 Ne4 21. Qc1 Nxc3 22. Qxc3 f6 23. Nxc4 b5 24. Qa5 bxc4 25. Qxa6 c3 26. Qe6+ Kh8 27. Rc1 Bg8 0-1


[Site "https://www.chess.com"]